 Dungeon Crawl Stone Soup version 0.25-a0-96-g4073cf80fb (webtiles) character file.

Game seed: 4128856164650533833, levelgen mode: deterministic

46 MisterFreud the Ruffian (level 3, 0/36 HPs)
             Began as a Troll Monk on Nov 11, 2019.
             Slain by a goblin (3 damage)
             ... led by Robin
             ... on level 2 of the Dungeon.
             The game lasted 00:01:13 (732 turns).

MisterFreud the Ruffian (Troll Monk)                 Turns: 732, Time: 00:01:14

Health: 0/36       AC:  6    Str: 19    XL:     3   Next: 44%
Magic:  2/2        EV: 10    Int:  6    God:
Gold:   94         SH:  0    Dex: 13    Spells: 2/2 levels left

rFire    . . .     SeeInvis .     - Unarmed
rCold    . . .     Gourm    +   (no shield)
rNeg     . . .     Faith    .   a - +0 robe
rPois    .         Spirit   .   (helmet restricted)
rElec    .         Reflect  .   (no cloak)
rCorr    .         Harm     .   (gloves unavailable)
MR       .....                  (boots unavailable)
Stlth    ++........             (no amulet)
HPRegen  0.52/turn              (no ring)
MPRegen  0.08/turn              (no ring)

@: no status effects
A: large, unfitting armour, claws 3, fast metabolism 3, gourmand, regeneration
1, shaggy fur 1, tough skin 3
a: no special abilities


You were on level 2 of the Dungeon.
You were full.

You visited 1 branch of the dungeon, and saw 2 of its levels.

You collected 94 gold pieces.

Inventory:

Armour
 a - a +0 robe (worn)
Scrolls
 c - a scroll of teleportation {unknown}
 e - a scroll of enchant weapon {unknown}
 f - a scroll of remove curse {unknown}
Potions
 d - a potion of cancellation {unknown}
 g - a potion of mutation {unknown}
 h - a potion of heal wounds {unknown}
Comestibles
 b - 3 rations


   Skills:
 - Level 2.4 Fighting
 - Level 2.4 Dodging
 - Level 1.0 Stealth
 + Level 4.5 Unarmed Combat


You had 2 spell levels left.
You didn't know any spells.
Your spell library was empty.

Dungeon Overview and Level Annotations

Branches:
Dungeon (2/15)

Altars:

Annotations:
D:2 Robin


Innate Abilities, Weirdness & Mutations

You are too large for most types of armour.
You have claws for hands.
Your metabolism is lightning-fast.
You like to eat raw meat.
Your natural rate of healing is unusually fast.
You are covered in fur. (AC +1)
You have extremely tough skin. (AC +3)


Message History

The goblin hits you but does no damage.
You scratch the goblin.
You kill the goblin!
The goblin hits you but does no damage. The goblin hits you.
* * * LOW HITPOINT WARNING * * *
The goblin hits you but does no damage. The goblin hits you with a +0 club!
* * * LOW HITPOINT WARNING * * *
The goblin hits you but does no damage.
Robin says, "Duck!"
The goblin hits you but does no damage. x2
You claw Robin!
Robin is almost dead.
The goblin closely misses you. The goblin hits you but does no damage.
The goblin barely misses you. Robin closely misses you.
The goblin hits you but does no damage. The goblin completely misses you.
The goblin misses you. The goblin hits you but does no damage.
You barely miss Robin.
Robin is almost dead.
The goblin hits you.
You die...

####...###
........ ##
.[..... ...
..... ..#
##...###.##
#..KS......
#..ggg.#
#.gg@g.####
##.ggg....#
##.##.##.#
### .# . ##


You could see Robin, a hobgoblin, 7 goblins, a ball python and a kobold.

Vanquished Creatures
  2 gnolls (D:1)
  An ooze (D:1)
  A leopard gecko (D:1)
  A giant cockroach (D:1)
  5 goblins
  A hobgoblin (D:1)
  3 bats (D:1)
  A frilled lizard (D:1)
  5 kobolds (D:1)
  4 rats (D:1)
24 creatures vanquished.

Notes
Turn   | Place    | Note
-------+----------+-------------------------------------------
     0 | D:1      | MisterFreud the Troll Monk began the quest for the Orb.
     0 | D:1      | Reached XP level 1. HP: 22/22 MP: 0/0
    49 | D:1      | Reached XP level 2. HP: 29/29 MP: 1/1
   141 | D:1      | Reached skill level 4 in Unarmed Combat
   280 | D:1      | Reached XP level 3. HP: 30/36 MP: 2/2
   723 | D:2      | Noticed Robin
   732 | D:2      | Slain by a goblin

Levels and vault maps discovered:
D:1:      minmay_arrival_floating_metal, layout_rooms
D:2:      layout_loops_cross, uniq_crazy_yiuf_cottage, uniq_robin, uniq_jessica

Skill      XL: |  1  2 |
---------------+-------+-----
Unarmed Combat | 4 |  4.5
Fighting       | |  2.4
Dodging        | |  2.4
Stealth        | |  1.0

Action                   || total
-------------------------++-------
Melee: Unarmed           ||    61
 Stab: Sleeping          ||     1
  Eat: Chunk             ||     8
Armor: Robe              ||    31
Dodge: Dodged            ||    46

Table legend:
 A = Non-vault XP
 B = Vault XP
 C = Vault XP percentage of total XP
 D = Non-vault monster count
 E = Vault monster count
 F = Vault count percentage of total count
                 A         B        C        D         E       F
            +---------+---------+-------+---------+---------+-------
      Total |      63 |       3 |   4.5 |      22 |       2 |   8.3
            +---------+---------+-------+---------+---------+-------
        D:1 |      63 |       0 |   0.0 |      22 |       0 |   0.0
        D:2 |       0 |       3 | 100.0 |       0 |       2 | 100.0
            +---------+---------+-------+---------+---------+-------
